 Dungeon Crawl Stone Soup version 0.23.2-30-g0e89c35649 (webtiles) character file.

Game seed: 4267375330378242931

152 Masnef the Poker (level 5, -6/39 HPs)
             Began as a Merfolk Skald on June 23, 2019.
             Killed from afar by a white imp (7 damage)
             ... with a puff of frost
             ... summoned by Natasha
             ... on level 2 of the Dungeon.
             The game lasted 00:06:25 (2084 turns).

Masnef the Poker (Merfolk Skald)                    Turns: 2084, Time: 00:06:25

Health: -6/39      AC:  4    Str: 11    XL:     5   Next: 34%
Magic:  1/8        EV: 13    Int: 13    God:
Gold:   101        SH:  0    Dex: 14    Spells: 2/8 levels left

rFire    . . .     SeeInvis .   a - +0 spear
rCold    . . .     Gourm    .   (no shield)
rNeg     . . .     Faith    .   b - +0 leather armour
rPois    .         Spirit   .   i - +0 helmet
rElec    .         Reflect  .   (no cloak)
rCorr    .         Harm     .   (no gloves)
MR       .....                  (no boots)
Stlth    +.........             (no amulet)
HPRegen  0.13/turn              (no ring)
MPRegen  0.11/turn              (no ring)

@: slowed, very slow
A: change form in water, swift swim, stealthy swim
a: no special abilities


You were on level 2 of the Dungeon.
You were not hungry.

You visited 1 branch of the dungeon, and saw 2 of its levels.

You collected 101 gold pieces.

Inventory:

Hand Weapons
 a - a +0 spear (weapon)
Missiles
 g - 61 arrows
Armour
 b - a +0 leather armour (worn)
 i - a +0 helmet (worn)
Scrolls
 e - a scroll of remove curse {unknown}
 f - a scroll of magic mapping {unknown}
 h - a scroll of teleportation {unknown}
 l - a scroll of enchant armour {unknown}
 m - a scroll of identify {unknown}
Potions
 c - a potion of haste
 n - a potion of brilliance {unknown}
 o - 2 potions of heal wounds {unknown}
Comestibles
 d - 5 rations
 k - 2 chunks of flesh


   Skills:
 + Level 2.5 Fighting
 + Level 5.9 Polearms
 - Level 0.6 Armour
 * Level 4.2 Dodging
 - Level 2.0 Spellcasting
 + Level 3.8 Charms
 * Level 0.8 Necromancy


You had 2 spell levels left.
You knew the following spells:

 Your Spells              Type           Power        Failure   Level  Hunger
a - Infusion              Chrm           ##..         7%          1    ##.....
b - Shroud of Golubria    Chrm/Tloc      #.........   24%         2    ###....
c - Regeneration          Chrm/Necr      #.........   36%         3    ####...

Your spell library contained the following spells:

 Spells                   Type           Power        Failure   Level  Hunger
 Song of Slaying          Chrm           ##......     11%         2    ###....
 Spectral Weapon          Hex/Chrm       #.......     43%         3    ####...


Dungeon Overview and Level Annotations

Branches:
Dungeon (2/15)

Altars:

Annotations:
D:2 Natasha


Message History

The white imp closely misses you.
Attack whom?
Press: ? - help, Dir - move target cursor, f/p - Natasha
Aim: Natasha (almost dead)
You reach to attack!
You closely miss Natasha.
Natasha is almost dead.
The white imp hits you but does no damage.
Natasha casts a spell.
You closely miss Natasha.
Natasha is almost dead.
The crimson imp disappears in a puff of smoke!
The white imp gestures at you. The puff of frost hits you!
* * * LOW HITPOINT WARNING * * *
Natasha casts a spell at you. You resist with some effort.
The shadow imp hits you but does no damage.
The white imp gestures at you. The puff of frost hits you!
You die...

# #......# #### #
##......# ...# .##.
#.......# ##.# ###...
####.÷.....# ##.###....##
# ###....##.####
##...#.##..#.# #...###...#
.......##..#.#
##.##....###
..###........####..##.####
### ####....§.hh@.###.#
#..#..###55....#
##.#..####.#####
#..........#
##...#...##.##
#....#..###..## #
##.#.###...#...## #
#>.......#......#### #
#......#.#..........


You could see Natasha, a white imp, a shadow imp and a jackal.

Vanquished Creatures
  A centaur (D:2)
  Natasha (D:2)
  Robin (D:1)
  A leopard gecko (D:2)
  An orc (D:1)
  A giant cockroach (D:1)
  11 goblins
  4 hobgoblins (D:1)
  3 jackals (D:1)
  4 bats
  A frilled lizard (D:1)
  5 kobolds
  7 rats
41 creatures vanquished.

Notes
Turn   | Place    | Note
-------+----------+-------------------------------------------
     0 | D:1      | Masnef the Merfolk Skald began the quest for the Orb.
     0 | D:1      | Reached XP level 1. HP: 16/16 MP: 3/3
   426 | D:1      | Reached skill level 4 in Polearms
   426 | D:1      | Reached XP level 2. HP: 16/22 MP: 1/5
   430 | D:1      | Learned a level 2 spell: Shroud of Golubria
  1253 | D:2      | Noticed a centaur
  1313 | D:2      | Noticed Robin
  1315 | D:2      | Reached XP level 3. HP: 27/27 MP: 3/6
  1330 | D:1      | Killed Robin
  1580 | D:1      | Reached skill level 5 in Polearms
  1588 | D:1      | Learned a level 3 spell: Regeneration
  1824 | D:2      | Killed a centaur
  1824 | D:2      | Reached XP level 4. HP: 32/34 MP: 0/7
  1824 | D:2      | Reached XP level 5. HP: 37/39 MP: 0/8
  1972 | D:2      | Noticed Natasha
  1982 | D:2      | Killed Natasha
  2061 | D:2      | Noticed Natasha
  2084 | D:2      | HP: 1/39 [white imp/puff of frost[Natasha] (11)]
  2084 | D:2      | Killed from afar by a white imp

Skill      XL: |  1  2  3 |
---------------+----------+-----
Polearms       | 4 5 |  5.9
Dodging        | 4 |  4.2
Fighting       | |  2.5
Armour         | |  0.6
Spellcasting   | |  2.0
Charms         | |  3.8
Necromancy     | |  0.8

Action                   |  1- 3 |  4- 6 || total
-------------------------+-------+-------++-------
Melee: Spear             |   148 |    10 ||   158
       Unarmed           |       |    15 ||    15
 Cast: Infusion          |     7 |     2 ||     9
       Shroud of Golubri |     7 |     2 ||     9
  Use: Potion            |       |     1 ||     1
  Eat: Chunk             |     4 |     1 ||     5
Armor: Leather armour    |    31 |     2 ||    33
Dodge: Dodged            |   102 |    18 ||   120
